Map: Ruins of Seras

Players

Bop - Winner!

  • Race: Protoss Protoss

IlIlIlIlIlIl

  • Race: Zerg Zerg

VOD

Have the link to the VOD?

Description

Time

  • Played on: May 1, 2015, 4:56 p.m.
  • Length: 12:03
Show
View Real Time Build Order
Export as new Build Order

Bop Protoss - Winner!

Build Orders: Nexus First 

Get SALT Encoding   

  12  0:01  Probe  
  13  0:13  Probe  
  14  0:43  Nexus  
  14  0:55  Pylon  
  14  1:13  Probe (Chrono Boost)  
  15  1:23  Probe (Chrono Boost)  
  15  1:25  Assimilator  
  16  1:29  Gateway  
  16  1:30  Probe, Assimilator  
  17  1:42  Probe  
  18  1:55  Probe x2 (Chrono Boost)  
  20  2:05  Probe x2 (Chrono Boost)  
  22  2:09  Gateway  
  22  2:11  Probe  
  22  2:12  Probe  
  22  2:13  Pylon  
  24  2:27  Cybernetics Core  
  24  2:30  Probe x2 (Chrono Boost)  
  26  2:41  Probe (Chrono Boost)  
  27  2:45  Gateway  
  27  2:51  Probe (Chrono Boost)  
  29  2:55  Probe (Chrono Boost)  
  29  3:02  Probe (Chrono Boost)  
  31  3:06  Probe (Chrono Boost), Warp Gate (Chrono Boost)  
  31  3:08  Probe (Chrono Boost)  
  31  3:10  Adept (Chrono Boost)  
  35  3:15  Probe  
  35  3:16  Adept (Chrono Boost), Pylon  
  36  3:25  Pylon  
  36  3:26  Probe  
  37  3:27  Probe  
  38  3:42  Probe x2  
  40  3:50  Adept x2 (Chrono Boost)  
  40  3:54  Probe  
  40  3:55  Mothership Core  
  49  3:57  Adept (Chrono Boost)  
  49  4:07  Probe  
  49  4:16  Probe  
  50  4:18  Twilight Council  
  50  4:19  Probe  
  50  4:21  Gateway  
  50  4:22  Gateway  
  51  4:52  Pylon  
  51  4:54  Pylon  
  47  5:19  Zealot  
  47  5:21  Adept x4  
  49  5:25  Forge  
  49  5:27  Gateway  
  49  5:28  Gateway x2  
  51  5:29  Gateway  
  51  5:44  Pylon x2  
  51  5:46  Pylon, Adept x2, Shield Upgrade (Chrono Boost)  
  51  5:47  Adept x3  
  61  5:51  Pylon  
  61  5:58  Protoss Shields Level 1  
  61  6:03  Pylon  
  59  6:20  Probe x2  
  59  6:25  Adept x5  
  70  6:27  Adept  
  70  6:28  Adept  
  70  6:32  Probe x2  
  76  6:44  Probe x2  
  78  6:49  Zealot x6  
  78  6:50  Zealot  
  88  7:09  Robotics Facility  
  88  7:11  Adept x4  
  92  7:26  Stalker  
  92  7:27  Stalker x3  
  94  7:31  Probe x2 (Chrono Boost)  
  94  7:35  Assimilator  
  92  7:41  Probe (Chrono Boost)  
  93  7:48  Assimilator  
  93  7:52  Protoss Ground Weapons Level 1 (Chrono Boost)  
  85  8:19  Nexus  
  77  8:21  Pylon  
  77  8:22  Stalker x6  
  77  8:23  Pylon  
  67  8:46  Blink (Chrono Boost)  
  65  8:49  Adept  
  65  8:50  Adept x4  
  65  8:51  Zealot x2  
  69  9:06  Photon Cannon  
  69  9:12  Photon Cannon  
  69  9:19  Stalker x2  
  69  9:20  Stalker x2  
  65  9:35  Zealot x5  
  65  9:37  Observer (Chrono Boost)  
  76  9:55  Adept x3  
  76  9:56  Adept x3  
  76  9:59  Sentry x2  
  92  10:05  Pylon  
  84  10:19  Adept x5  
  88  10:27  Probe x2  
  86  10:47  Probe x2  
  88  10:51  Assimilator  
  88  10:54  Immortal (Chrono Boost)  
  88  10:55  Assimilator  
  92  11:07  Zealot x2  
  96  11:15  Zealot x2  
  100  11:55  Adept  
  100  11:56  Adept x7  
  100  11:57  Adept  
Show
View Real Time Build Order
Export as new Build Order

IlIlIlIlIlIl Zerg 

Build Orders: Hatch First 

Get SALT Encoding   

  12  0:01  Drone  
  13  0:08  Drone  
  14  0:16  Drone, Extractor  
  15  0:22  Overlord  
  15  0:41  Drone x2  
  17  0:44  Drone  
  18  0:55  Drone  
  19  1:04  Hatchery  
  19  1:08  Drone  
  19  1:14  Extractor  
  19  1:16  Drone  
  19  1:22  Spawning Pool  
  18  1:32  Drone  
  18  1:39  Overlord  
  19  1:49  Drone  
  20  2:01  Drone  
  21  2:08  Queen  
  21  2:13  Zergling x2  
  24  2:16  Queen  
  24  2:20  Metabolic Boost  
  26  2:23  Overlord  
  26  2:37  Drone  
  26  2:38  Drone x2  
  26  2:39  Drone  
  30  2:44  Drone, Queen  
  30  2:49  Drone  
  34  2:53  Drone  
  35  2:58  Lair  
  35  2:59  Drone  
  35  3:03  Drone  
  37  3:11  Overlord  
  37  3:14  Drone  
  37  3:17  Drone  
  39  3:20  Drone x3  
  39  3:24  Queen  
  44  3:27  Overlord  
  44  3:31  Drone x2  
  44  3:33  Drone  
  47  3:39  Drone x2  
  49  3:42  Drone x2  
  51  3:51  Drone x4  
  55  4:00  Drone  
  55  4:01  Drone  
  57  4:04  Drone  
  57  4:06  Hatchery  
  57  4:10  Roach Warren  
  57  4:14  Drone x3  
  58  4:21  Spine Crawler, Zergling x4  
  58  4:22  Zergling x2  
  60  4:34  Evolution Chamber, Extractor  
  60  4:35  Evolution Chamber  
  60  4:36  Zergling x6, Extractor  
  60  4:37  Extractor, Zergling x2  
  57  4:48  Zergling x6  
  57  4:49  Zergling x2  
  57  4:51  Zergling x4  
  57  5:00  Drone x4  
  57  5:04  Drone  
  57  5:05  Drone  
  60  5:14  Drone, Overlord  
  60  5:18  Overlord  
  60  5:19  Queen  
  60  5:25  Drone x2  
  60  5:26  Drone x2  
  60  5:27  Zerg Missile Weapons Level 1  
  60  5:28  Glial Reconstitution, Zerg Ground Armor Level 1  
  64  5:33  Queen  
  66  5:43  Drone  
  66  5:44  Drone x2, Hydralisk Den  
  66  5:46  Drone x2  
  70  5:54  Drone x4  
  70  5:55  Overseer  
  70  5:57  Drone  
  75  5:58  Drone  
  76  6:05  Lurker Den  
  76  6:09  Drone x2  
  72  6:16  Hydralisk x3  
  72  6:17  Hydralisk  
  80  6:24  Drone  
  79  6:26  Drone x2  
  81  6:33  Overlord x2  
  81  6:40  Overlord  
  81  6:44  Roach  
  81  6:48  Zergling x2  
  80  6:55  Roach x2  
  80  6:56  Roach x2, Zergling x12  
  80  6:57  Zergling x6  
  80  6:58  Zergling x4  
  80  7:01  Roach x2  
  94  7:02  Roach  
  94  7:04  Roach  
  94  7:05  Roach  
  99  7:10  Roach x2  
  96  7:18  Roach  
  90  7:23  Hydralisk x2  
  90  7:26  Hydralisk  
  85  7:31  Roach x2  
  85  7:32  Roach x2  
  85  7:33  Roach  
  95  7:38  Hydralisk  
  97  7:46  Hydralisk  
  99  7:53  Overlord  
  97  8:00  Hydralisk  
  97  8:02  Overlord x2  
  99  8:05  Zerg Missile Weapons Level 2  
  99  8:06  Zerg Ground Armor Level 2  
  87  8:14  Roach x3  
  87  8:19  Roach  
  75  8:22  Roach  
  75  8:25  Hydralisk  
  74  8:28  Zergling x2  
  74  8:29  Zergling x2  
  72  8:35  Zergling x4  
  65  8:46  Hydralisk  
  61  8:51  Zergling x2  
  61  8:52  Drone  
  53  8:55  Hydralisk  
  53  9:02  Hydralisk  
  54  9:05  Hydralisk  
  58  9:10  Hydralisk  
  58  9:16  Hydralisk  
  62  9:21  Hydralisk  
  62  9:23  Hydralisk  
  57  9:26  Zergling x2  
  53  9:31  Hydralisk  
  53  9:42  Zergling x2  
  53  9:43  Zergling x6  
  56  9:46  Zergling x2  
  56  9:51  Zergling x4  
  59  9:56  Zergling x4  
  61  10:00  Drone x2  
  63  10:10  Hydralisk x2  
  57  10:16  Hydralisk  
  57  10:18  Zergling x2  
  46  10:33  Zergling x6  
  41  10:39  Zergling x2  
Tags
 
Add a new tag
Caveats
  • Supply blocks, unpowered buildings, or Contaminate may cause inaccurate times.
  • Supply counts are checked every 10 seconds.